[Event "Titled Tuesday Blitz August 22 Early 2023"]
[White "Kevlishvili, Robby"]
[Black "Di Benedetto, Edoardo"]
[WhiteFideId "1040634"]
[BlackFideId "875740"]
[WhiteElo "2975"]
[BlackElo "2711"]
[Result "1-0"]
[Round "3"]
[TimeControl "180+1"]
[Date "2023.08.22"]
[WhiteClock "0:02:08"]
[BlackClock "0:00:58"]
[Board "18"]

1. e4 e6 2. d4 d5 3. Nd2 c5 4. Ngf3 cxd4 5. Nxd4 Nc6 6. Bb5 Bd7 7. Nxc6 bxc6 8. Bd3 Bd6 9. Qe2 Ne7 10. Nf3 f6 11. e5 Bc5 12. exf6 gxf6 13. Ne5 fxe5 14. Qh5+ Kf8 15. Bh6+ Kg8 16. Qg4+ Ng6 17. Bxg6 Qf6 18. Bh5+ 1-0


[Site "https://www.chess.com"]

[Event "Titled Tuesday Blitz August 22 Early 2023"]
[White "Karthik Rajaa"]
[Black "Paravyan, David"]
[WhiteFideId "25035215"]
[BlackFideId "4194985"]
[WhiteElo "2708"]
[BlackElo "2967"]
[Result "0-1"]
[Round "3"]
[TimeControl "180+1"]
[Date "2023.08.22"]
[WhiteClock "0:00:02"]
[BlackClock "0:00:04"]
[Board "19"]

1. Nf3 Nf6 2. c4 c5 3. Nc3 Nc6 4. e3 e6 5. d4 d5 6. a3 a6 7. dxc5 Bxc5 8. b4 Be7 9. Bb2 O-O 10. cxd5 Nxd5 11. Nxd5 exd5 12. Bd3 Bf6 13. Qc2 Bxb2 14. Qxb2 Bg4 15. Be2 Re8 16. Rd1 d4 17. Nxd4 Bxe2 18. Nxe2 Qb6 19. O-O a5 20. b5 a4 21. Nc3 Ne5 22. Nd5 Qc5 23. Qd4 Rac8 24. Nb6 Rc7 25. Qxc5 Rxc5 26. Rb1 Rc3 27. Nxa4 Rxa3 28. Ra1 Rxa1 29. Rxa1 Ra8 30. Ra2 g6 31. Nc3 Rc8 32. Ne2 Rc5 33. h3 Rxb5 34. Nd4 Rb1+ 35. Kh2 b5 36. Ra7 b4 37. Rb7 Nd3 38. f4 Rb2 39. f5 Kg7 40. Kg3 Ne1 41. Kf4 Rxg2 42. Rb6 Nd3+ 43. Ke4 Nc5+ 44. Kd5 Nd7 45. Rxb4 Rg3 46. Rb7 Nf6+ 47. Kc4 Rxe3 48. Ne6+ Kh6 49. Rxf7 Ne4 50. Kd4 Re1 51. Nf8 gxf5 52. Rxf5 Ng3 53. Rf3 Ne2+ 54. Ke3 Ng1+ 55. Kf2 Nxf3 56. Kxf3 Re7 57. Kf4 Kg7 0-1


[Site "https://www.chess.com"]

[Event "Titled Tuesday Blitz August 22 Early 2023"]
[White "Shimanov, Aleksandr"]
[Black "Preotu, Razvan"]
[WhiteFideId "4198603"]
[BlackFideId "2613280"]
[WhiteElo "2966"]
[BlackElo "2701"]
[Result "0-1"]
[Round "3"]
[TimeControl "180+1"]
[Date "2023.08.22"]
[WhiteClock "0:00:01"]
[BlackClock "0:00:04"]
[Board "20"]

1. d4 Nf6 2. Bg5 d5 3. Nd2 c5 4. dxc5 e6 5. e4 Bxc5 6. e5 Qb6 7. exf6 Bxf2+ 8. Ke2 Bxg1 9. Rxg1 Qxg1 10. fxg7 Rg8 11. Ne4 Rxg7 12. Nf6+ Kf8 13. Bh6 Qxh2 14. Bxg7+ Kxg7 15. Qd4 e5 16. Ne8+ Kg6 17. Qxd5 Qf4 18. Qd6+ Be6 19. Nc7 Nc6 20. Nxe6 fxe6 21. Qxe6+ Kg7 22. Qd7+ Kh8 23. Qxb7 Rd8 24. Rd1 Nd4+ 25. Rxd4 Rxd4 26. Qb8+ Kg7 27. Qxa7+ Kh6 28. Qb6+ Kg5 29. Qa5 Re4+ 30. Kd3 Qe3# 0-1


[Site "https://www.chess.com"]

[Event "Titled Tuesday Blitz August 22 Early 2023"]
[White "Volovich, Vasily"]
[Black "Tari, Aryan"]
[WhiteFideId "34169676"]
[BlackFideId "1510045"]
[WhiteElo "2699"]
[BlackElo "2957"]
[Result "0-1"]
[Round "3"]
[TimeControl "180+1"]
[Date "2023.08.22"]
[WhiteClock "0:00:00"]
[BlackClock "0:00:34"]
[Board "21"]

1. e4 e5 2. Nf3 Nc6 3. d4 exd4 4. Bc4 Nf6 5. O-O Nxe4 6. Re1 d5 7. Bxd5 Qxd5 8. Nc3 Qd8 9. Nxe4 Be7 10. Bg5 f6 11. Bf4 O-O 12. Qd3 Bg4 13. Qb3+ Kh8 14. Qxb7 Nb4 15. Bxc7 Qd7 16. Nxd4 Qxd4 17. c3 Qd5 18. Qxd5 Nxd5 19. Bg3 f5 20. f3 fxe4 21. fxg4 Bc5+ 22. Kh1 Ne3 23. Re2 Nxg4 24. Rxe4 Nf2+ 25. Bxf2 Rxf2 26. b4 Raf8 27. g3 Bb6 28. c4 h6 29. c5 Bd8 30. a4 Rc2 31. Rd1 a5 32. Rf4 Re8 33. bxa5 Bxa5 34. Rfd4 Ree2 35. Kg1 Rxc5 36. Rd5 Rxd5 37. Rxd5 Bb6+ 38. Kh1 Ra2 39. Rb5 Bc7 40. Rb4 Kh7 41. Rc4 Be5 42. Kg1 Kg6 43. Rb4 Kf5 44. Rc4 h5 45. Rb4 g5 46. Rc4 g4 47. Rb4 h4 48. gxh4 Bxh2+ 49. Kh1 Bf4 50. h5 g3 0-1


[Site "https://www.chess.com"]

[Event "Titled Tuesday Blitz August 22 Early 2023"]
[White "Terry, Renato"]
[Black "Papasimakopoulos, Alexandros"]
[WhiteFideId "3803457"]
[BlackFideId "4244125"]
[WhiteElo "2955"]
[BlackElo "2691"]
[Result "0-1"]
[Round "3"]
[TimeControl "180+1"]
[Date "2023.08.22"]
[WhiteClock "0:00:02"]
[BlackClock "0:00:13"]
[Board "22"]

1. d4 e6 2. c4 d5 3. Nc3 a6 4. e4 dxe4 5. Nxe4 Nd7 6. Nf3 Ngf6 7. Nc3 c5 8. Be3 cxd4 9. Bxd4 Bc5 10. Be2 O-O 11. O-O b6 12. a3 Bb7 13. b4 Bxd4 14. Qxd4 Qc7 15. Rac1 Rfd8 16. Qh4 Nf8 17. Qg3 Rac8 18. Na4 Qc6 19. Nc3 Ne4 20. Nxe4 Qxe4 21. Rfe1 Ng6 22. c5 Qc6 23. h4 bxc5 24. Rxc5 Qe8 25. Ra5 Rc6 26. h5 Ne7 27. h6 Qf8 28. Ne5 Rcd6 29. Ng4 Nf5 30. Qf4 Nxh6 31. Nxh6+ gxh6 32. Rh5 Qg7 33. f3 Rd4 34. Qc7 R4d7 35. Qh2 Rd2 36. Qf4 Qd4+ 37. Qxd4 R8xd4 38. Rxh6 Ra2 39. Rh5 Rxa3 40. Rc1 Rxb4 41. Rc7 Bd5 42. Rg5+ Kf8 43. Rh5 Kg7 44. Rg5+ Kf6 45. Rh5 Rb2 46. Bf1 Ra1 47. Kh2 Rxf1 48. Rh6+ Kg7 49. Rh4 Bxf3 50. Kg3 0-1


[Site "https://www.chess.com"]

[Event "Titled Tuesday Blitz August 22 Early 2023"]
[White "GaiozNigalidze"]
[Black "Kovalenko, Igor"]
[BlackFideId "14117908"]
[WhiteElo "2691"]
[BlackElo "2946"]
[Result "1/2-1/2"]
[Round "3"]
[TimeControl "180+1"]
[Date "2023.08.22"]
[WhiteClock "0:00:13"]
[BlackClock "0:00:23"]
[Board "23"]

1. c4 e5 2. g3 c6 3. d4 e4 4. d5 Bb4+ 5. Bd2 Qe7 6. Nc3 Nf6 7. a3 Ba5 8. Bg2 cxd5 9. Nxd5 Bxd2+ 10. Qxd2 Nxd5 11. Qxd5 e3 12. f4 Nc6 13. Rd1 O-O 14. Nf3 Qf6 15. Nd4 d6 16. O-O Bg4 17. Rfe1 Rac8 18. b3 Rfd8 19. Nb5 Qb2 20. Nxd6 Bxe2 21. Qxf7+ Kh8 22. Nxc8 Bxd1 23. Rxe3 Qd4 24. Qe6 Bg4 25. Qe4 Bxc8 26. Qxd4 Nxd4 27. b4 Kg8 28. Bd5+ Kf8 29. Kf2 Nf5 30. Re5 Ne7 31. Be4 g6 32. Ke3 b6 33. c5 bxc5 34. Rxc5 Bf5 35. Ra5 Rd7 36. Bxf5 Nxf5+ 37. Ke4 Ke7 38. Ra6 Kd8 39. g4 Nd6+ 40. Ke5 Nc4+ 41. Kf6 Nb6 42. f5 gxf5 43. gxf5 Kc8 44. Ra5 Kd8 45. h4 Ke8 46. Kg5 Kf7 47. Rc5 Nd5 48. Rc6 Kg7 49. Ra6 Rf7 50. b5 Nf6 51. a4 h6+ 52. Kf4 Rb7 53. Rd6 Re7 54. Re6 Rc7 55. Rc6 Re7 56. Re6 Rd7 57. Ra6 Re7 58. Re6 1/2-1/2


[Site "https://www.chess.com"]

[Event "Titled Tuesday Blitz August 22 Early 2023"]
[White "Donchenko, Alexander"]
[Black "Dehtiarov, Roman"]
[WhiteFideId "24603295"]
[BlackFideId "14186640"]
[WhiteElo "2944"]
[BlackElo "2691"]
[Result "1/2-1/2"]
[Round "3"]
[TimeControl "180+1"]
[Date "2023.08.22"]
[WhiteClock "0:00:17"]
[BlackClock "0:00:14"]
[Board "24"]

1. d4 Nf6 2. c4 e6 3. g3 Bb4+ 4. Nd2 O-O 5. Bg2 d5 6. Nf3 b6 7. O-O Bb7 8. b3 Qe7 9. Bb2 Nbd7 10. Rc1 Rac8 11. Rc2 Rfd8 12. Qc1 dxc4 13. Rxc4 Bxd2 14. Qxd2 c5 15. Qf4 Bd5 16. Rcc1 c4 17. bxc4 Rxc4 18. Rfe1 Nf8 19. Rxc4 Bxc4 20. Ne5 Bd5 21. e4 Bb7 22. Rc1 Ng6 23. Nxg6 hxg6 24. h3 Qb4 25. Ba1 Qa3 26. Rc2 Qd3 27. Rc7 Bxe4 28. Bxe4 Qxe4 29. Qxe4 Nxe4 30. Kf1 Nf6 31. Ke2 a5 32. Bb2 Nd5 33. Rb7 Rc8 34. Kd2 Nb4 35. Ba3 Rc2+ 36. Kd1 Rxa2 37. Bxb4 axb4 38. Rxb6 Rxf2 39. Rxb4 Rf3 40. g4 Rxh3 41. Ke2 Rg3 42. d5 exd5 43. Rd4 f5 44. gxf5 gxf5 45. Rxd5 g6 46. Rd7 Rg4 47. Kf3 Re4 48. Ra7 Rb4 49. Rc7 Re4 50. Ra7 Kf8 51. Rc7 Ke8 52. Rg7 Re6 53. Kf4 Kf8 54. Ra7 Re7 55. Ra6 Kf7 56. Kg5 Re6 57. Ra7+ Re7 58. Ra6 Re4 59. Rf6+ Ke7 60. Rxg6 f4 61. Kg4 Re6 62. Rg7+ Kf6 63. Ra7 Rd6 64. Kxf4 Ke6 65. Ke4 Kf6 66. Rh7 Re6+ 67. Kf4 Rd6 68. Rh6+ Ke7 69. Rh5 Ke6 70. Ke4 Kd7 71. Ke5 Kc6 72. Rh8 Rd5+ 73. Ke4 Rd6 74. Rc8+ Kd7 75. Ra8 Re6+ 76. Kd5 Rd6+ 77. Ke5 Re6+ 78. Kf5 Rd6 79. Ra7+ Kc6 80. Ke5 Rd5+ 81. Ke4 Rb5 82. Ra8 Rb6 83. Rc8+ Kb5 84. Kd5 Rb7 85. Rc1 Kb6 86. Kd6 Ka7 87. Kc6 Rb6+ 88. Kc5 Rb7 89. Ra1+ Kb8 90. Kc6 Rc7+ 91. Kd6 Rb7 92. Ra6 Ra7 93. Rc6 Rb7 94. Rc2 Ka7 95. Ra2+ Kb8 96. Kc6 Rc7+ 97. Kd6 Rb7 98. Rh2 Ka7 99. Rh3 Rb6+ 100. Kc5 Rb7 101. Ra3+ Kb8 102. Kd6 Rb6+ 103. Kd7 Rb7+ 104. Kd8 Rb6 105. Rd3 Kb7 106. Kd7 Rb5 107. Rd6 Rb6 108. Rd5 Rb4 109. Rd2 Rb6 110. Rc2 Rb5 111. Rc7+ Kb6 112. Rc8 Ka5 113. Kc6 Rb6+ 114. Kc5 1/2-1/2


[Site "https://www.chess.com"]

[Event "Titled Tuesday Blitz August 22 Early 2023"]
[White "KarolKacprzak"]
[Black "Esipenko, Andrey"]
[BlackFideId "24175439"]
[WhiteElo "2682"]
[BlackElo "2944"]
[Result "1/2-1/2"]
[Round "3"]
[TimeControl "180+1"]
[Date "2023.08.22"]
[WhiteClock "0:00:14"]
[BlackClock "0:00:06"]
[Board "25"]

1. e4 e6 2. d4 d5 3. e5 c5 4. c3 Nc6 5. Nf3 Qb6 6. Bd3 cxd4 7. O-O Bd7 8. Re1 Nge7 9. h4 Rc8 10. h5 h6 11. Nbd2 dxc3 12. bxc3 Na5 13. Rb1 Qc7 14. Ba3 Qxc3 15. Nb3 Nxb3 16. Rxb3 Qa5 17. Qa1 b6 18. Nd4 Nc6 19. Nb5 Nb4 20. Nd6+ Bxd6 21. exd6 Nxd3 22. Rxd3 O-O 23. Bb2 f6 24. Ra3 Qd2 25. Rxa7 Rc2 26. Bd4 Rf7 27. Bxb6 e5 28. Be3 Qd3 29. Rd1 Qe2 30. Rc1 d4 31. Rxc2 Qxc2 32. Qc1 Qf5 33. Bd2 Qxh5 34. Rxd7 Rxd7 35. Qc8+ Kh7 36. Qxd7 Qd1+ 37. Kh2 Qxd2 38. Qf5+ Kh8 39. d7 Qa5 40. Qh5 Kh7 41. Qe8 Qd2 42. d8=Q Qf4+ 43. Kh3 Qf5+ 44. Kg3 Qf4+ 45. Kh3 Qf5+ 46. Kh2 Qf4+ 47. Kg1 Qc1+ 48. Kh2 Qf4+ 1/2-1/2


[Site "https://www.chess.com"]

[Event "Titled Tuesday Blitz August 22 Early 2023"]
[White "Kozak, Adam"]
[Black "Pert, Richard G"]
[WhiteFideId "753246"]
[BlackFideId "404748"]
[WhiteElo "2936"]
[BlackElo "2676"]
[Result "1/2-1/2"]
[Round "3"]
[TimeControl "180+1"]
[Date "2023.08.22"]
[WhiteClock "0:00:05"]
[BlackClock "0:00:20"]
[Board "26"]

1. e4 c5 2. Nf3 d6 3. d4 cxd4 4. Nxd4 Nf6 5. Nc3 g6 6. h4 Bg7 7. Be2 h5 8. Be3 Nc6 9. f3 d5 10. Bb5 O-O 11. Bxc6 bxc6 12. Nxc6 Qc7 13. exd5 Qg3+ 14. Kf1 Ba6+ 15. Kg1 Ng4 16. Ne4 Nxe3 17. Nxg3 Nxd1 18. Rxd1 Bxb2 19. Nxe7+ Kg7 20. Ne4 Be2 21. Rd2 Bc4 22. c3 Ba3 23. d6 f5 24. Ng5 Rf6 25. Nc6 Rxd6 26. Nd4 Bc1 27. Nxf5+ gxf5 28. Rxd6 Be3+ 29. Kh2 Bf4+ 30. g3 Bxd6 31. Rd1 Rd8 32. Rd4 Bg8 33. Ra4 Rd7 34. Ra5 f4 35. g4 hxg4 36. fxg4 f3+ 37. Kg1 Bg3 38. Nxf3 Rd3 39. Nd4 Rxc3 40. Kg2 Bb8 41. Nf5+ Kf8 42. h5 Rc2+ 43. Kf3 Rxa2 44. Rb5 Ra3+ 45. Kf2 Ra2+ 46. Kf3 Ra3+ 47. Kf2 Ra2+ 48. Kf3 1/2-1/2


[Site "https://www.chess.com"]

[Event "Titled Tuesday Blitz August 22 Early 2023"]
[White "Djordjevic, Vuk"]
[Black "Kramnik, Vladimir"]
[WhiteFideId "902098"]
[BlackFideId "4101588"]
[WhiteElo "2672"]
[BlackElo "2930"]
[Result "0-1"]
[Round "3"]
[TimeControl "180+1"]
[Date "2023.08.22"]
[WhiteClock "0:00:00"]
[BlackClock "0:00:21"]
[Board "27"]

1. e4 c5 2. Nc3 e6 3. g3 Nc6 4. Bg2 Nf6 5. d3 Be7 6. Nge2 O-O 7. O-O Rb8 8. f4 d5 9. e5 Nd7 10. g4 b5 11. Ng3 b4 12. Nce2 a5 13. Be3 Ba6 14. Rf2 a4 15. d4 Bxe2 16. Nxe2 cxd4 17. Nxd4 Nxd4 18. Bxd4 Bc5 19. Bxc5 Nxc5 20. Qd4 Qb6 21. f5 Nd7 22. Qf4 Rbc8 23. f6 Rxc2 24. Rf1 gxf6 25. exf6 Kh8 26. Kh1 Rxf2 27. Rxf2 Rg8 28. Rc2 b3 29. axb3 Qxb3 30. Rc7 Qd1+ 31. Bf1 Ne5 32. h3 Nd3 33. Qe3 Qxf1+ 34. Kh2 Nf4 35. Qg3 Qe2+ 36. Kh1 Qe5 37. Rxf7 Ne2 38. Kh2 Qxg3+ 0-1


[Site "https://www.chess.com"]

[Event "Titled Tuesday Blitz August 22 Early 2023"]
[White "Kamsky, Gata"]
[Black "Eynullayev, Atilla"]
[WhiteFideId "2000024"]
[BlackFideId "13413570"]
[WhiteElo "2926"]
[BlackElo "2654"]
[Result "1/2-1/2"]
[Round "3"]
[TimeControl "180+1"]
[Date "2023.08.22"]
[WhiteClock "0:00:22"]
[BlackClock "0:00:30"]
[Board "28"]

1. d4 Nf6 2. Bf4 e6 3. e3 c5 4. c3 Nc6 5. Nd2 d5 6. Ngf3 cxd4 7. exd4 Nh5 8. Be3 Bd6 9. Ne5 Nf6 10. f4 Qb6 11. Qb3 Ng8 12. Bd3 f6 13. Nef3 Nh6 14. g3 Bd7 15. O-O Ng4 16. Rae1 O-O-O 17. Qxb6 axb6 18. Kg2 Nxe3+ 19. Rxe3 Kc7 20. a3 Rde8 21. Rfe1 Ne7 22. Kg1 Nc8 23. c4 Na7 24. cxd5 exd5 25. Rxe8 Rxe8 26. Rxe8 Bxe8 27. Bxh7 Bb5 28. Kf2 Nc6 29. Ke3 Na5 30. Bd3 Bd7 31. Nh4 b5 32. Nf5 Bxf5 33. Bxf5 Nc4+ 34. Nxc4 bxc4 35. h4 b5 36. g4 b4 37. axb4 Bxb4 38. Be6 Kd6 39. Bf7 Be1 40. h5 Bh4 41. Bg8 Kc6 42. Kf3 Kd6 43. Bh7 Kc6 44. Ke3 Kd6 45. Bc2 Kc6 46. b3 cxb3 47. Bxb3 Kd6 48. Bc2 Kc6 49. Bg6 Kd6 50. Bf7 Kc6 51. Kf3 Kd6 52. Bg8 Kc6 53. g5 fxg5 54. Kg4 Bf2 55. fxg5 Bxd4 56. Kf5 Kd6 57. Kg6 Bc3 58. Bf7 Be5 59. h6 gxh6 60. gxh6 d4 61. Bc4 Ke7 62. Bd3 Kf8 63. h7 Bh8 64. Bc4 Ke7 65. Bd3 Kf8 66. Bc4 Ke7 67. Bd3 Kf8 1/2-1/2


[Site "https://www.chess.com"]

[Event "Titled Tuesday Blitz August 22 Early 2023"]
[White "Nasir, Zehn"]
[Black "Demchenko, Anton"]
[WhiteFideId "2613239"]
[BlackFideId "4160258"]
[WhiteElo "2650"]
[BlackElo "2925"]
[Result "0-1"]
[Round "3"]
[TimeControl "180+1"]
[Date "2023.08.22"]
[WhiteClock "0:00:02"]
[BlackClock "0:01:14"]
[Board "29"]

1. d4 Nf6 2. Bf4 g6 3. Nc3 d5 4. Nf3 c6 5. Qd2 Bg7 6. Bh6 Bxh6 7. Qxh6 Bf5 8. O-O-O Nbd7 9. h3 Qa5 10. g4 Be4 11. Bg2 Bxf3 12. Bxf3 O-O-O 13. g5 Ne8 14. e4 Nb6 15. exd5 cxd5 16. Rhe1 e6 17. Be2 Kb8 18. Qh4 Nd6 19. Qf4 Ka8 20. Kb1 Rd7 21. h4 Rc8 22. Rd3 Nbc4 23. Qc1 Rdc7 24. Rf3 Rc6 25. Bxc4 Rxc4 26. Ree3 Rxd4 27. h5 Nf5 28. hxg6 hxg6 29. Rd3 Rh4 30. Ne2 Rch8 31. Ra3 Qb5 32. Nc3 Qc6 33. Rd3 Rh1 34. Rd1 d4 35. Ne2 Rxd1 36. Qxd1 Rh1 37. Ng1 Qg2 38. Qe1 Rxg1 0-1


[Site "https://www.chess.com"]

[Event "Titled Tuesday Blitz August 22 Early 2023"]
[White "Ovchinnikov, Vsevolod"]
[Black "Zhigalko, Sergei"]
[WhiteFideId "24176842"]
[BlackFideId "13502956"]
[WhiteElo "2648"]
[BlackElo "2925"]
[Result "0-1"]
[Round "3"]
[TimeControl "180+1"]
[Date "2023.08.22"]
[WhiteClock "0:00:02"]
[BlackClock "0:00:20"]
[Board "30"]

1. d4 Nf6 2. c4 e6 3. g3 c5 4. d5 exd5 5. cxd5 d6 6. Nc3 g6 7. Bg2 Bg7 8. Nf3 O-O 9. O-O Re8 10. Nd2 a6 11. a4 Nbd7 12. h3 b6 13. Kh2 Rb8 14. Nc4 Ne5 15. Na3 Qc7 16. f4 Ned7 17. e4 h5 18. Qd3 h4 19. g4 g5 20. fxg5 Ne5 21. Qe2 Nh7 22. Be3 Qe7 23. Qd2 Bd7 24. Ne2 b5 25. axb5 axb5 26. b4 cxb4 27. Qxb4 Bxg4 28. Nf4 Nxg5 29. Kh1 Bf3 30. Ra2 Nxe4 31. Bxf3 Ng3+ 32. Kg2 Nxf1 33. Be4 Nxe3+ 34. Kh1 N5c4 0-1


[Site "https://www.chess.com"]

[Event "Titled Tuesday Blitz August 22 Early 2023"]
[White "Sjugirov, Sanan"]
[Black "Agibileg, Uurtsaikh"]
[WhiteFideId "4189302"]
[BlackFideId "4901606"]
[WhiteElo "2918"]
[BlackElo "2647"]
[Result "1-0"]
[Round "3"]
[TimeControl "180+1"]
[Date "2023.08.22"]
[WhiteClock "0:00:35"]
[BlackClock "0:00:43"]
[Board "31"]

1. c4 Nf6 2. Nf3 g6 3. Nc3 Bg7 4. e4 d6 5. d4 O-O 6. Be2 e5 7. d5 a5 8. Bg5 h6 9. Bh4 Na6 10. Nd2 Qe8 11. Qc2 Nh7 12. f3 f5 13. Bf2 Bf6 14. h4 Bd8 15. a3 c5 16. dxc6 bxc6 17. h5 g5 18. exf5 Bxf5 19. Bd3 e4 20. Ndxe4 d5 21. cxd5 cxd5 22. Nxd5 Rc8 23. Nc3 Bf6 24. Bxa6 Rxc3 25. bxc3 Bxe4 26. fxe4 Qc6 27. O-O Qxa6 28. Bd4 g4 29. e5 Bg7 30. Qg6 Qe2 31. e6 Nf6 1-0


[Site "https://www.chess.com"]

[Event "Titled Tuesday Blitz August 22 Early 2023"]
[White "Itgelt, Khuyagtsogt"]
[Black "Henriquez Villagra, Cristobal"]
[WhiteFideId "4902912"]
[BlackFideId "3409350"]
[WhiteElo "2643"]
[BlackElo "2915"]
[Result "1/2-1/2"]
[Round "3"]
[TimeControl "180+1"]
[Date "2023.08.22"]
[WhiteClock "0:00:08"]
[BlackClock "0:00:12"]
[Board "32"]

1. d4 d6 2. c4 Nf6 3. Nf3 Nbd7 4. Nc3 e5 5. g3 Be7 6. Bg2 O-O 7. O-O Re8 8. Qc2 Bf8 9. Rd1 c6 10. e4 Qc7 11. h3 b6 12. Be3 Bb7 13. d5 a6 14. Nd2 cxd5 15. cxd5 b5 16. Rac1 Rec8 17. a3 Qd8 18. Nb3 Nc5 19. Nd2 Rc7 20. Qb1 Rac8 21. b4 Ncd7 22. Ne2 h5 23. Nb3 Rxc1 24. Rxc1 Nb6 25. Na5 Rxc1+ 26. Qxc1 Ba8 27. Bxb6 Qxb6 28. Qc8 Qa7 29. Bf3 g6 30. Kg2 Kg7 31. g4 hxg4 32. hxg4 Ng8 33. Nc6 Qb7 34. Qxb7 Bxb7 35. Na5 Bc8 36. Kg3 Be7 37. Bg2 Bg5 38. f3 Be3 39. Bf1 Ne7 40. Nb3 f5 41. gxf5 gxf5 42. Kg2 Ng6 43. Kg3 Kf6 44. Bh3 Ne7 45. Kg2 Kg5 46. Bxf5 Nxf5 47. exf5 Bxf5 48. Nc3 Bc2 49. Na5 Kf6 50. Nc6 Bc1 51. Ne4+ Bxe4 52. fxe4 Bxa3 53. Kf3 Kg5 54. Kg3 Kh5 55. Kh3 Kg5 56. Kg3 Bc1 57. Kf3 Bd2 58. Ke2 Bc3 59. Kd3 Be1 60. Ke2 Bc3 61. Kd3 Bb2 62. Nb8 Ba3 63. Nxa6 Kf4 64. Nc7 Bxb4 65. Nxb5 Kf3 66. Nc7 Kf4 67. Ne6+ Kf3 68. Nd8 Kf4 69. Nc6 Bc5 70. Ne7 Kf3 71. Nf5 Ba3 72. Ng7 Kf4 73. Ne6+ Kf3 74. Nc7 Kf4 75. Nb5 Bb4 76. Na7 Kf3 77. Nc6 Ba3 78. Ne7 Kf4 79. Nf5 Kf3 80. Ng7 Kf4 81. Ne8 Kf3 82. Nc7 Kf4 83. Ne6+ Kf3 1/2-1/2


[Site "https://www.chess.com"]

[Event "Titled Tuesday Blitz August 22 Early 2023"]
[White "Chigaev, Maksim"]
[Black "Czopor, Maciej"]
[WhiteFideId "4108116"]
[BlackFideId "21805431"]
[WhiteElo "2911"]
[BlackElo "2643"]
[Result "1-0"]
[Round "3"]
[TimeControl "180+1"]
[Date "2023.08.22"]
[WhiteClock "0:01:32"]
[BlackClock "0:00:39"]
[Board "33"]

1. Nf3 g6 2. e4 Bg7 3. d4 d6 4. Nc3 a6 5. a4 b6 6. Bc4 e6 7. O-O Bb7 8. Re1 Nd7 9. Bf4 Ne7 10. Qd2 O-O 11. h4 d5 12. exd5 Nxd5 13. Nxd5 Bxd5 14. Bxd5 exd5 15. Bg5 Bf6 16. Qf4 Bxg5 17. hxg5 Re8 18. Rxe8+ Qxe8 19. Re1 Qd8 20. Nh2 f5 21. gxf6 Nxf6 22. Re6 Ne4 23. Ng4 Qg5 24. Rxe4 1-0


[Site "https://www.chess.com"]

[Event "Titled Tuesday Blitz August 22 Early 2023"]
[White "Plazuelo Pascual, Juan"]
[Black "Eljanov, Pavel"]
[WhiteFideId "32059566"]
[BlackFideId "14102951"]
[WhiteElo "2637"]
[BlackElo "2911"]
[Result "1/2-1/2"]
[Round "3"]
[TimeControl "180+1"]
[Date "2023.08.22"]
[WhiteClock "0:00:10"]
[BlackClock "0:00:33"]
[Board "34"]

1. e4 c6 2. d4 d5 3. f3 e6 4. Nc3 Bb4 5. a3 Bxc3+ 6. bxc3 b6 7. a4 Ba6 8. Bxa6 Nxa6 9. Qe2 Nc7 10. Ba3 Ne7 11. Nh3 O-O 12. O-O Re8 13. c4 Qc8 14. cxd5 cxd5 15. c4 Qa6 16. Rfc1 Nc6 17. Bb2 Na5 18. Qf2 Nxc4 19. Bc3 Rec8 20. Qg3 Ne8 21. Nf4 Qb7 22. exd5 exd5 23. Re1 Nf6 24. Bb4 Re8 25. h4 a5 26. Bc3 Qd7 27. Nd3 Rxe1+ 28. Bxe1 Re8 29. Ne5 Qf5 30. Bc3 Nh5 31. Qg5 Qxg5 32. hxg5 Nf4 33. Kf2 Nxe5 34. dxe5 Nd3+ 35. Kg3 Nxe5 36. Re1 f6 37. f4 Rc8 38. Bxe5 fxe5 39. Rxe5 Rc3+ 40. Kg4 Rc4 41. Rxd5 Rxa4 42. Kf5 Rc4 43. Rd8+ Kf7 44. Rd7+ Kf8 45. Rb7 Rc6 46. Rb8+ Ke7 47. Rb7+ Kf8 48. Rb8+ Kf7 49. Rb7+ Kf8 1/2-1/2


[Site "https://www.chess.com"]

[Event "Titled Tuesday Blitz August 22 Early 2023"]
[White "Subelj, Jan"]
[Black "Kovalev, Vladislav"]
[WhiteFideId "14618583"]
[BlackFideId "13504398"]
[WhiteElo "2637"]
[BlackElo "2903"]
[Result "0-1"]
[Round "3"]
[TimeControl "180+1"]
[Date "2023.08.22"]
[WhiteClock "0:00:14"]
[BlackClock "0:00:32"]
[Board "35"]

1. Nc3 d5 2. e4 d4 3. Nce2 e5 4. d3 c5 5. f4 exf4 6. Bxf4 Bd6 7. Nf3 Nc6 8. g3 Nge7 9. Bg2 Ng6 10. O-O O-O 11. Qd2 Be6 12. c3 Nge5 13. cxd4 Nxf3+ 14. Rxf3 Nxd4 15. Nxd4 Bxf4 16. Nxe6 Bxd2 17. Nxd8 Raxd8 18. Rd1 Ba5 19. Rc1 f6 20. Kf1 b6 21. Ke2 Rd4 22. Bh3 Kf7 23. a3 Rfd8 24. e5 c4 25. Rxc4 Rxc4 26. dxc4 Rd2+ 27. Kf1 Rxb2 28. e6+ Ke7 29. Rd3 Rd2 30. Rxd2 Bxd2 31. Ke2 Bc1 32. a4 g6 33. Kd3 f5 34. Bg2 Kxe6 35. Bf3 Ba3 36. Ke3 Ke5 37. Bd5 Bc5+ 38. Kd3 g5 39. h3 h5 40. Bf7 g4 41. hxg4 hxg4 42. Ke2 Bd6 43. Kf2 Ke4 44. Be6 Bc5+ 45. Kg2 Ke5 46. Bc8 Kf6 47. Bd7 Kg5 48. Bc8 f4 49. gxf4+ Kxf4 50. Bd7 g3 51. Bb5 Bd6 52. Bc6 Ke3 53. Bb5 Kd4 54. Kf3 Kc5 55. Kg2 Kb4 56. Kf3 Ka5 57. Kg2 a6 58. Bc6 Kb4 59. Bb7 b5 60. cxb5 a5 61. Kf3 Kxa4 62. Bc6 Kb3 63. Bd5+ Kb2 64. Ke3 a4 65. Kd3 a3 0-1


[Site "https://www.chess.com"]

[Event "Titled Tuesday Blitz August 22 Early 2023"]
[White "Tahbaz, Arash"]
[Black "Chen, Ryo"]
[WhiteFideId "12528846"]
[BlackFideId "7003072"]
[WhiteElo "2900"]
[BlackElo "2635"]
[Result "1-0"]
[Round "3"]
[TimeControl "180+1"]
[Date "2023.08.22"]
[WhiteClock "0:00:15"]
[BlackClock "0:00:15"]
[Board "36"]

1. Nf3 Nf6 2. g3 g6 3. Bg2 Bg7 4. O-O O-O 5. c4 d6 6. Nc3 e5 7. d3 Nc6 8. Rb1 a5 9. a3 Re8 10. Nd2 Ne7 11. b4 axb4 12. axb4 c6 13. b5 d5 14. Qb3 Be6 15. Ba3 e4 16. dxe4 dxc4 17. Nxc4 Bxc4 18. Bxe7 Bxb3 19. Bxd8 Bc2 20. Bxf6 Bxf6 21. Rbc1 Bb3 22. bxc6 bxc6 23. e3 Rad8 24. Rfe1 Rd3 25. Ne2 Rc8 26. Nf4 Rd2 27. Nd5 Kg7 28. Nxf6 Kxf6 29. Rc3 Be6 30. Rec1 c5 31. Bf1 Ke5 32. f3 Kd6 33. R1c2 Rxc2 34. Rxc2 c4 35. Kf2 Kc5 36. f4 Kb4 37. Be2 c3 38. Rc1 c2 39. Bd3 Kb3 40. Ke1 Kb2 41. Kd2 Bb3 42. e5 Rd8 43. Rg1 c1=Q+ 44. Rxc1 Rxd3+ 45. Kxd3 Kxc1 46. Kd4 Kd2 47. e4 Ke2 48. f5 Kf3 49. e6 fxe6 50. f6 e5+ 51. Kxe5 h5 52. h4 Kg4 53. Kd6 Bc4 54. Ke7 Kxg3 55. e5 Kg4 56. e6 Kxh4 57. f7 g5 58. f8=Q g4 59. Qf2+ g3 60. Qf4+ Kh3 61. Qxc4 g2 62. Qd3+ Kh2 63. Qd6+ Kh1 64. Qd5 Kh2 65. Qxh5+ Kg3 66. Qg5+ Kf2 67. Qxg2+ Kxg2 68. Kf7 Kh1 69. e7 Kg1 70. e8=Q Kh1 71. Qe6 Kh2 72. Qf6 Kh1 73. Qg6 Kh2 74. Kf6 Kh1 75. Kf5 Kh2 76. Qg4 Kh1 77. Kf4 Kh2 78. Kf3 Kh1 79. Qg2# 1-0


[Site "https://www.chess.com"]